 Dungeon Crawl Stone Soup version 0.30.0-10-gfe55d96785 (webtiles) character file.

Game seed: 3753284357241737931

110995 qw the Severer (level 16, -10/106 HPs)
             Began as a Gargoyle Fighter on May 13, 2023.
             Was a Priest of Okawaru.
             Mangled by a goliath frog (24 damage)
             ... called by a spriggan druid
             ... on level 1 of the Swamp on May 14, 2023.
             The game lasted 00:36:09 (26164 turns).

qw the Severer (Gargoyle Fighter)                  Turns: 26164, Time: 00:36:10

Health: -10/106    AC: 34    Str: 33    XL:     16   Next: 56%
Magic:  19/19      EV: 11    Int: 10    God:    Okawaru [***...]
Gold:   865        SH: 14    Dex:  9    Spells: 15/15 levels left

rFire   + . .        v - +6 broad axe (spect)
rCold   . . .        f - +0 kite shield
rNeg    + . .        C - +3 plate armour {rF+}
rPois   inf          (no helmet)
rElec   +            y - +1 cloak
rCorr   .            c - +1 Delatra's gloves {ID++}
SInv    +            h - +2 pair of boots
Will    +....        x - amulet of regeneration Stlth
                     g - ring of see invisible
HPRegen 1.17/turn    w - +6 ring of strength
MPRegen 0.16/turn

%: no passive effects
@: about to teleport, heroic, corroded, flying
A: sickness immunity, AC +12, big wings, negative energy resistance 1,
electricity resistance, torment resistance 1, petrification resistance
a: Renounce Religion, Heroism


You were on level 1 of the Swamp.
You worshipped Okawaru.
Okawaru was most pleased with you.
You visited 4 branches of the dungeon, and saw 23 of its levels.

You collected 3507 gold pieces.
You spent 2642 gold pieces at shops.


Innate Abilities, Weirdness & Mutations

You are immune to sickness and miasma.
Your stone body is resilient. (AC +12)
You are immune to poison.
Your large and strong wings let you fly.
You resist negative energy. (rN+)
You are resistant to electric shocks. (rElec)
You are resistant to unholy torment.
You are immune to petrification.


   Skills:
 - Level 14.0(19.0) Fighting
 - Level 18.0(23.0) Axes
 - Level 4.2(9.2) Throwing
 + Level 12.8(17.8) Armour
 - Level 3.1(8.1) Dodging
 - Level 13.9(18.9) Shields
 - Level 4.0 Invocations


You had 15 spell levels left.
You didn't know any spells.
Your spell library was empty.

Inventory:

Hand Weapons
 p - a +0 eveningstar
 v - a +6 spectral broad axe (weapon)
Missiles
 k - 10 boomerangs (quivered)
Armour
 c - the +1 Delatra's gloves (worn) {ID++}
   (You found it on level 2 of the Dungeon)

   ID++:      It heals its wearer when they drink unknown potions, and restores
   their MP when they read unknown scrolls.
 f - a +0 kite shield (worn)
 h - a +2 pair of boots (worn)
 j - +0 ice dragon scales
 y - a +1 cloak (worn)
 C - a +3 plate armour of fire resistance (worn)
Jewellery
 b - a ring of ice
 g - a ring of see invisible (left hand)
 o - a ring of fire
 u - a +6 ring of dexterity
 w - a +6 ring of strength (right hand)
 x - an amulet of regeneration (around neck)
Wands
 l - a wand of digging (5)
Scrolls
 i - 11 scrolls of identify
 m - 3 scrolls of teleportation
 B - a scroll of brand weapon
Potions
 a - 3 potions of haste
 d - 10 potions of might
 e - 6 potions of attraction
 n - 3 potions of cancellation
 r - 4 potions of lignification
 s - 16 potions of curing
 t - 6 potions of mutation
 z - 2 potions of magic
 A - 5 potions of heal wounds

Dungeon Overview and Level Annotations

Branches:
Dungeon (15/15)            Temple (0/1) D:7            Lair (5/5) D:9
  Swamp (1/4) Lair:2       Spider (0/4) Lair:3        Slime (0/5) Lair:4
    Orc (2/2) D:9             Elf (0/3) Orc:2        Vaults (0/5) D:13
 Depths (0/4) D:15

Altars:
Cheibriados
Dithmenos
Hepliaklqana
Kikubaaqudgha
Okawaru
Ru
Sif Muna
Trog
Vehumet
Wu Jian
Xom
Yredelemnul
Zin
Jiyva

Shops:
D:5 (=:[   D:6 *   D:15 ?*!*   Orc:2 :!!(

Portals:
Abyss: D:11

Annotations:
D:2 1 runed translucent door, Crazy Yiuf
D:5 2 transporters, Tsarbomb's ghost, amateur MiFi
D:11 2 transporters, qw's ghost, novice GrFi
D:12 3 runed translucent doors, qw's ghost, journeyman GrFi
Lair:4 1 runed translucent door
Lair:5 4 runed translucent doors, qw's ghost, journeyman GrFi
Orc:2 2 transporters, Potutehi's ghost, journeyman DDFi


Message History

The spriggan druid is severely wounded.
You slash the swamp dragon!
Your +6 spectral broad axe misses the spriggan druid.
Your +6 spectral broad axe hits the swamp dragon!
Your +6 spectral broad axe hits the swamp dragon!!
You kill the swamp dragon!
Okawaru accepts your kill.
Your +6 spectral broad axe misses the spriggan druid.
The goliath frog hits you from afar! The acid corrodes you!
You are splashed with acid.
You block the goliath frog's attack.
The spriggan druid gestures wildly while chanting.
The forest starts to sway and rumble!
You slice the spriggan druid!!
With its final breath, the spriggan druid offers up its power to the beasts of the wild!
The goliath frog is healed.
The swamp dragon seems to grow more fierce.
The goliath frog seems to grow more fierce. x3
The swamp worm seems to grow more fierce.
The goliath frog seems to grow more fierce.
You kill the spriggan druid!
Okawaru accepts your kill.
The forest abruptly stops moving.
Your +6 spectral broad axe disappears.
The goliath frog hits you from afar!! The acid corrodes you!
You are splashed with acid!
You block the goliath frog's attack. The goliath frog barely misses you.
26163 ||| READING 4 scrolls of teleportation.
As you read the scroll of teleportation, it crumbles to dust.
You feel strangely unstable. The goliath frog closely misses you.
The goliath frog hits you but does no damage.
You block the goliath frog's attack.
The goliath frog hits you but does no damage.
You block the goliath frog's attack.
The goliath frog hits you but does no damage.
26164 ||| DRINKING 6 potions of heal wounds.
You feel much better. The goliath frog hits you from afar!
You are splashed with acid!
The goliath frog hits you from afar!!
You die...

7~~~~~¤.7~.~....¤7
7.~~~~%.7...~~~..77
77.~....77...~¤~..!7
7............~¤...¤7
7...7.~..~¤~~~~.....
7..~.....¤~w~¤~~~...
77.....[.~FFFD~~~~.~ 77
7...~~.~77~.¤~~..7~ ~7
7.~~~..7777@~~~..¤¤ .7
7.~~~.77 7)¤~~~.~. .777
7~...¤7 .F.~~~~~.
..~777....77 .).~~~.~7~
.~~7~....77 ..~~~~~~.7
..7...~7~..~.~.~~~¤~~~7
...%~~.7~~~.¤~~~~¤~¤¤.7
7..~~~.~~.~~~~¤~~.~..77
7~.~~~.~777.~~~


You could see a swamp dragon (strong), 4 goliath frogs and a swamp worm
(strong).

Vanquished Creatures
  Saint Roka (Orc:2)
  Rupert (Lair:3)
  Kirke (Lair:5)
  An orc warlord (Orc:1)
  Azrael (D:15)
  Nessos (D:15)
  Josephine (D:12)
  A fire dragon (Lair:5)
  A shambling mangrove (Swamp:1)
  Erolcha (D:9)
  6 ogre magi
  5 vault guards (D:13)
  5 hydras
  2 ice dragons (D:15)
  A catoblepas (Lair:5)
  12 death yaks
  2 centaur warriors
  A tengu warrior (D:14)
  19 two-headed ogres
  3 boulder beetles
  Nergalle (D:10)
  Urug (D:10)
  Sonja (D:10)
  A skyshark (Lair:2)
  A pharaoh ant (Lair:3)
  A spriggan druid (Swamp:1)
  2 bog bodies (Lair:2)
  3 deep elf pyromancers
  2 wizards
  2 swamp dragons
  An orc knight (D:15)
  2 lindwurms (Lair:5)
  4 ugly things
  An oklob plant (Lair:5)
  3 orc sorcerers
  3 manticores
  A will-o-the-wisp (Swamp:1)
  5 cyclopes
  19 elephants
  6 black mambas
  Joseph (D:9)
  6 torpor snails
  6 cane toads
  2 gargoyles
  A kobold demonologist (D:13)
  Maggie (D:6)
  5 rime drakes
  An unseen horror (D:12)
  A yaktaur (D:13)
  8 komodo dragons
  6 trolls
  3 tyrant leeches (Lair:5)
  12 hornets
  A tarantella (shapeshifter) (D:15)
  10 blink frogs (Lair:1)
  7 dream sheep (Lair:5)
  2 jumping spiders (Lair:3)
  9 slime creatures
  2 spriggans
  Sigmund (D:3)
  A vampire (D:10)
  2 humans
  50 yaks
  6 wraiths
  10 basilisks
  3 wyverns
  4 fire elementals (D:15)
  2 redbacks (Lair:3)
  10 vampire mosquitoes
  3 swamp worms
  4 wargs
  3 hell hounds (D:15)
  2 acid dragons (Lair:5)
  20 water moccasins
  An ice beast (D:7)
  5 black bears
  24 orc warriors
  3 swamp drakes (Lair:5)
  5 boggarts (D:15)
  20 ogres
  14 wolves
  2 centaurs (D:10)
  9 bullfrogs
  3 kobold brigands
  2 gnoll sergeants
  4 scorpions
  8 wights (D:8)
  20 killer bees
  3 howler monkeys
  2 electric eels
  4 hounds
  17 orc priests
  2 jellies
  9 iguanas
  21 orc wizards
  11 hell rats
  9 gnolls
  8 adders
  2 white imps
  2 worms
  6 dart slugs
  82 orcs
  9 bats
  11 endoplasms
  3 giant cockroaches
  12 goblins
  15 hobgoblins
  6 jackals
  4 quokkas
  8 ball pythons
  A frilled lizard (D:2)
  11 kobolds
  6 rats
715 creatures vanquished.

Vanquished Creatures (others)
  A human (Lair:5)
  2 foxfires (Swamp:1)
  10 spectral weapons
13 creatures vanquished.

Grand Total: 728 creatures vanquished

Notes
Turn   | Place    | Note
-------+----------+-------------------------------------------
     0 | D:1      | qw the Gargoyle Fighter began the quest for the Orb.
     0 | D:1      | Reached XP level 1. HP: 14/14 MP: 1/1
     0 | D:1      | 0 ||| qw: Version: 0.2-a-92-gf946c9c
     0 | D:1      | 0 ||| qw: Game counter: 16
     0 | D:1      | 0 ||| qw: Always use a shield: true
     0 | D:1      | 0 ||| qw: God list: Okawaru
     0 | D:1      | 0 ||| qw: Allow faded altars: false
     0 | D:1      | 0 ||| qw: Do Orc after D:15 true
     0 | D:1      | 0 ||| qw: Do second Lair branch before Depths: true
     0 | D:1      | 0 ||| qw: Lair rune preference: random
     0 | D:1      | 0 ||| qw: Plans: Normal, Zot:1-4, God:TSO, Crypt, Tomb,
                  | Pan, Slime:5, Hells, Abyss, Win
     0 | D:1      | 0 ||| PLANNING D:1-11
    69 | D:1      | Reached skill level 2 in Axes
   213 | D:1      | Reached XP level 2. HP: 19/19 MP: 2/2
   335 | D:1      | Reached skill level 3 in Axes
  1103 | D:1      | 1103 ||| UPGRADING to +0 kite shield.
  1113 | D:1      | 1113 ||| DROPPING +0 buckler.
  1114 | D:1      | 1114 ||| UPGRADING to ring of see invisible.
  1115 | D:1      | 1115 ||| READING scroll labelled FUOXIC LENWYINK.
  1119 | D:1      | 1119 ||| READING 2 scrolls labelled FOSOGHE IRPHOI.
  1120 | D:1      | 1120 ||| READING scroll labelled KEGGEOTOIHO.
  1121 | D:1      | 1121 ||| READING 2 scrolls labelled QUVOTT PEZEY.
  1122 | D:1      | 1122 ||| READING scroll labelled QAXINL HOLUEPOTA.
  1123 | D:1      | 1123 ||| DROPPING scroll of poison.
  1160 | D:2      | Reached XP level 3. HP: 15/23 MP: 3/3
  1283 | D:2      | Found the +1 Delatra's gloves {ID++}
  1378 | D:2      | 1378 ||| SWAPPING to +0 broad axe.
  1379 | D:2      | 1379 ||| DROPPING +1 war axe.
  1392 | D:2      | 1392 ||| Stepping ~*~*~tactically~*~*~ (stealth).
  1407 | D:2      | 1407 ||| Stepping ~*~*~tactically~*~*~ (stealth).
  1415 | D:2      | Reached XP level 4. HP: 25/28 MP: 4/4
  1422 | D:2      | 1422 ||| Stepping ~*~*~tactically~*~*~ (stealth).
  1484 | D:2      | 1484 ||| Stepping ~*~*~tactically~*~*~ (stealth).
  1529 | D:2      | 1529 ||| Stepping ~*~*~tactically~*~*~ (hiding).
  1532 | D:2      | 1532 ||| Stepping ~*~*~tactically~*~*~ (stealth).
  1533 | D:2      | 1533 ||| Stepping ~*~*~tactically~*~*~ (stealth).
  1711 | D:2      | 1711 ||| Stepping ~*~*~tactically~*~*~ (stealth).
  1753 | D:2      | 1753 ||| READING scroll of enchant weapon.
  1753 | D:2      | 1753 ||| ENCHANTING +0 broad axe.
  1816 | D:2      | Found a runed translucent door.
  1817 | D:2      | Noticed Crazy Yiuf
  1938 | D:2      | 1938 ||| UPGRADING to +1 Delatra's gloves {ID++}.
  1943 | D:2      | 1943 ||| UPGRADING to +6 ring of dexterity.
  1944 | D:2      | 1944 ||| READING 2 scrolls labelled XOAWNA VECSENAINO.
  1945 | D:2      | 1945 ||| READING scroll of brand weapon.
  1945 | D:2      | 1945 ||| BRANDING +1 broad axe of venom.
  1946 | D:2      | 1946 ||| DRINKING 3 fuming black potions.
  1947 | D:2      | 1947 ||| DRINKING 2 fuming brown potions.
  1948 | D:2      | 1948 ||| READING 3 scrolls of identify.
  1948 | D:2      | 1948 ||| IDENTIFYING silvery potion
  1949 | D:2      | 1949 ||| READING 2 scrolls of identify.
  1949 | D:2      | 1949 ||| IDENTIFYING grey potion
  1950 | D:2      | 1950 ||| DROPPING 2 potions of magic.
  2348 | D:3      | 2348 ||| Stepping ~*~*~tactically~*~*~ (stealth).
  2349 | D:3      | 2349 ||| Stepping ~*~*~tactically~*~*~ (stealth).
  2350 | D:3      | 2350 ||| Stepping ~*~*~tactically~*~*~ (stealth).
  2351 | D:3      | 2351 ||| Stepping ~*~*~tactically~*~*~ (stealth).
  2367 | D:3      | Noticed Sigmund
  2375 | D:3      | 2375 ||| DRINKING 2 potions of curing.
  2375 | D:3      | 2375 ||| (to cure confusion)
  2379 | D:3      | 2379 ||| DRINKING potion of curing.
  2379 | D:3      | 2379 ||| (to cure confusion)
  2380 | D:3      | Killed Sigmund
  2381 | D:3      | Reached skill level 3 in Dodging
  2381 | D:3      | Reached XP level 5. HP: 30/32 MP: 5/5
  2381 | D:3      | Reached XP level 6. HP: 35/37 MP: 6/6
  2409 | D:3      | 2409 ||| Stepping ~*~*~tactically~*~*~ (stealth).
  2442 | D:3      | 2442 ||| Stepping ~*~*~tactically~*~*~ (stealth).
  2479 | D:3      | 2479 ||| Stepping ~*~*~tactically~*~*~ (stealth).
  2486 | D:3      | Reached skill level 4 in Axes
  2596 | D:3      | Found a shimmering blue altar of Sif Muna.
  2603 | D:3      | 2603 ||| UPGRADING to +0 pair of boots.
  2608 | D:3      | 2608 ||| READING scroll labelled PITHUCL IKHLE.
  2616 | D:3      | 2616 ||| READING scroll labelled ROC QANOOCI.
  3183 | D:3      | 3183 ||| READING scroll labelled OGHYIMUM SOCW.
  3184 | D:3      | 3184 ||| READING 2 scrolls of identify.
  3184 | D:3      | 3184 ||| IDENTIFYING amethyst potion
  3185 | D:3      | 3185 ||| DROPPING potion of brilliance.
  3245 | D:4      | 3245 ||| Stepping ~*~*~tactically~*~*~ (hiding).
  3265 | D:4      | Reached XP level 7. HP: 23/41 MP: 7/7
  3337 | D:4      | 3337 ||| DROPPING +0 club.
  3504 | D:4      | 3504 ||| DROPPING +0 whip.
  3561 | D:4      | 3561 ||| Stepping ~*~*~tactically~*~*~ (stealth).
  3568 | D:4      | 3568 ||| Stepping ~*~*~tactically~*~*~ (stealth).
  3740 | D:4      | 3740 ||| UPGRADING to +0 chain mail.
  3750 | D:4      | 3750 ||| DROPPING +0 scale mail.
  3751 | D:4      | 3751 ||| READING scroll labelled HOQA ATUMA.
  3752 | D:4      | 3752 ||| READING scroll labelled WORGHO HYEQENU.
  3762 | D:5      | Entered Level 5 of the Dungeon
  6774 | D:5      | 6774 ||| PLANNING D:1-11
  6775 | D:5      | Found Unnolog's Jewellery Shop.
  6778 | D:5      | Reached skill level 5 in Axes
  6828 | D:5      | 6828 ||| PLANNING D:1-11
  6872 | D:5      | 6872 ||| PLANNING D:1-11
  6878 | D:5      | 6878 ||| Stepping ~*~*~tactically~*~*~ (hiding).
  6948 | D:5      | 6948 ||| SHOPLISTING +4 ring of protection (396 gold, have
                  | 259).
  6948 | D:5      | 6948 ||| SHOPLISTING +6 ring of strength (396 gold, have
                  | 259).
  6948 | D:5      | 6948 ||| SHOPLISTING amulet of Ekytz {RegenMP rN+ Int+2}
                  | (499 gold, have 259).
  6948 | D:5      | 6948 ||| SHOPLISTING ring of Daffodils {rC- Int+5 SInv}
                  | (280 gold, have 259).
  6948 | D:5      | 6948 ||| BUYING ring of positive energy (220 gold).
  6948 | D:5      | Bought a ring of positive energy for 220 gold pieces
  6963 | D:5      | 6963 ||| Stepping ~*~*~tactically~*~*~ (hiding).
  6966 | D:5      | 6966 ||| Stepping ~*~*~tactically~*~*~ (hiding).
  7059 | D:5      | 7059 ||| Stepping ~*~*~tactically~*~*~ (stealth).
  7061 | D:5      | 7061 ||| Stepping ~*~*~tactically~*~*~ (stealth).
  7062 | D:5      | 7062 ||| PLANNING D:1-11
  7063 | D:5      | 7063 ||| Stepping ~*~*~tactically~*~*~ (hiding).
  7178 | D:5      | Found Vismox's Book Shoppe.
  7208 | D:5      | Identified the +5 dagger "Ukeibouv" {pain, Str+3 Int+4}
  7397 | D:5      | Found Vaxto's Hydra Hut.
  7405 | D:5      | Noticed an eight-headed hydra
  7408 | D:5      | 7408 ||| SHOPLISTING +0 war axe of flaming (99 gold, have
                  | 73).
  7408 | D:5      | 7408 ||| SHOPLISTING +3 broad axe of flaming (290 gold,
                  | have 73).
  7427 | D:5      | Found a transporter.
  7427 | D:5      | Noticed Tsarbomb's ghost (amateur MiFi)
  7519 | D:5      | Reached XP level 8. HP: 44/48 MP: 8/8
  7545 | D:5      | Found Xaitiwie's Armour Emporium.
  7552 | D:5      | 7552 ||| DROPPING +0 flail.
  7602 | D:5      | Found a transporter.
  7664 | D:5      | 7664 ||| UPGRADING to +0 cloak.
  7669 | D:5      | 7669 ||| READING scroll labelled LIUTEPI QIAS.
  7670 | D:5      | 7670 ||| READING 2 scrolls of identify.
  7670 | D:5      | 7670 ||| IDENTIFYING blue potion
  7711 | D:6      | Noticed Maggie
  7718 | D:6      | Reached skill level 6 in Axes
  7722 | D:6      | Killed Maggie
  7800 | D:6      | 7800 ||| DROPPING +1 vampiric whip.
  7835 | D:6      | 7835 ||| Stepping ~*~*~tactically~*~*~ (hiding).
  7923 | D:6      | 7923 ||| Stepping ~*~*~tactically~*~*~ (stealth).
  8018 | D:6      | Found a hazy altar of Hepliaklqana.
  8037 | D:6      | 8037 ||| Stepping ~*~*~tactically~*~*~ (stealth).
  8136 | D:6      | 8136 ||| Stepping ~*~*~tactically~*~*~ (stealth).
  8168 | D:6      | 8168 ||| Stepping ~*~*~tactically~*~*~ (stealth).
  8173 | D:6      | 8173 ||| Stepping ~*~*~tactically~*~*~ (stealth).
  8181 | D:6      | Reached skill level 7 in Axes
  8279 | D:6      | Found a sacrificial altar of Ru.
  8299 | D:6      | 8299 ||| READING scroll of enchant weapon.
  8299 | D:6      | 8299 ||| ENCHANTING +1 heavy broad axe.
  8396 | D:6      | You fall into a shaft and drop 2 floors!
  8406 | D:8      | 8406 ||| READING scroll labelled ICEFIB DEEFF.
  8415 | D:7      | Found a staircase to the Ecumenical Temple.
  8436 | D:7      | 8436 ||| Stepping ~*~*~tactically~*~*~ (stealth).
  8441 | D:7      | Reached XP level 9. HP: 54/54 MP: 9/9
  8498 | D:7      | 8498 ||| UPGRADING to +0 plate armour.
  8508 | D:7      | 8508 ||| DROPPING +0 chain mail.
  8540 | D:6      | 8540 ||| DRINKING 3 potions of curing.
  8540 | D:6      | 8540 ||| (to cure confusion)
  8546 | D:6      | 8546 ||| DRINKING 2 potions of curing.
  8546 | D:6      | 8546 ||| (to cure confusion)
  8569 | D:6      | 8569 ||| Stepping ~*~*~tactically~*~*~ (stealth).
  8574 | D:6      | 8574 ||| Stepping ~*~*~tactically~*~*~ (stealth).
  8576 | D:6      | 8576 ||| Stepping ~*~*~tactically~*~*~ (hiding).
  8580 | D:6      | 8580 ||| DRINKING potion of curing.
  8580 | D:6      | 8580 ||| (to cure confusion)
  8666 | D:6      | Reached skill level 1 in Throwing
  8727 | D:6      | Found Yttan's Overcharged Wands.
  8739 | D:6      | 8739 ||| SHOPLISTING wand of digging (11) (693 gold, have
                  | 107).
  8928 | D:6      | 8928 ||| READING scroll labelled HETAEL XEINOP.
  9095 | D:7      | Found a shadowy altar of Dithmenos.
  9105 | D:7      | Found a shimmering altar of Xom.
  9157 | D:7      | 9157 ||| DRINKING 2 clear potions.
  9362 | D:7      | 9362 ||| Stepping ~*~*~tactically~*~*~ (stealth).
  9363 | D:7      | 9363 ||| Stepping ~*~*~tactically~*~*~ (stealth).
  9387 | D:7      | Found a basalt altar of Yredelemnul.
  9752 | D:7      | 9752 ||| Stepping ~*~*~tactically~*~*~ (hiding).
  9771 | D:7      | Reached skill level 8 in Axes
 10006 | D:7      | 10006 ||| READING 3 scrolls of identify.
 10006 | D:7      | 10006 ||| IDENTIFYING murky inky potion
 10007 | D:7      | 10007 ||| READING 2 scrolls of identify.
 10007 | D:7      | 10007 ||| IDENTIFYING green potion
 10008 | D:7      | 10008 ||| DROPPING potion of berserk rage.
 10009 | D:7      | 10009 ||| DROPPING potion of degeneration.
 10081 | D:8      | 10081 ||| Stepping ~*~*~tactically~*~*~ (hiding).
 10092 | D:8      | Reached skill level 6 in Fighting
 10333 | D:8      | Noticed a two-headed ogre
 10333 | D:8      | Noticed a two-headed ogre
 10337 | D:8      | Killed a two-headed ogre
 10338 | D:8      | Reached skill level 9 in Shields
 10339 | D:8      | Killed a two-headed ogre
 10340 | D:8      | Reached skill level 9 in Axes
 10340 | D:8      | Reached XP level 10. HP: 34/60 MP: 10/10
 10435 | D:8      | Found the +12 pair of quick blades "Gyre" and "Gimble"
                  | {protect}
 10517 | D:8      | Reached skill level 6 in Armour
 10672 | D:8      | 10672 ||| Stepping ~*~*~tactically~*~*~ (stealth).
 10692 | D:8      | 10692 ||| Stepping ~*~*~tactically~*~*~ (hiding).
 10693 | D:8      | 10693 ||| Stepping ~*~*~tactically~*~*~ (stealth).
 10709 | D:8      | 10709 ||| Stepping ~*~*~tactically~*~*~ (stealth).
 10711 | D:8      | 10711 ||| Stepping ~*~*~tactically~*~*~ (stealth).
 10721 | D:8      | 10721 ||| Stepping ~*~*~tactically~*~*~ (stealth).
 10924 | D:8      | 10924 ||| Stepping ~*~*~tactically~*~*~ (hiding).
 10983 | D:8      | 10983 ||| Stepping ~*~*~tactically~*~*~ (stealth).
 10985 | D:8      | 10985 ||| Stepping ~*~*~tactically~*~*~ (hiding).
 11086 | D:8      | 11086 ||| DROPPING scarf of shadows.
 11087 | D:8      | 11087 ||| READING 2 scrolls of identify.
 11087 | D:8      | 11087 ||| IDENTIFYING fuming dark potion
 11096 | D:9      | Found a staircase to the Orcish Mines.
 11097 | D:9      | 11097 ||| Stepping ~*~*~tactically~*~*~ (hiding).
 11256 | D:9      | Found a staircase to the Lair.
 11262 | D:9      | Reached skill level 10 in Axes
 11481 | D:9      | 11481 ||| Stepping ~*~*~tactically~*~*~ (hiding).
 11562 | D:9      | 11562 ||| Stepping ~*~*~tactically~*~*~ (stealth).
 11563 | D:9      | 11563 ||| Stepping ~*~*~tactically~*~*~ (stealth).
 11564 | D:9      | 11564 ||| Stepping ~*~*~tactically~*~*~ (stealth).
 11565 | D:9      | 11565 ||| Stepping ~*~*~tactically~*~*~ (stealth).
 11574 | D:9      | 11574 ||| Stepping ~*~*~tactically~*~*~ (stealth).
 11690 | D:9      | Noticed Erolcha
 11691 | D:9      | 11691 ||| Stepping ~*~*~tactically~*~*~ (hiding).
 11693 | D:9      | 11693 ||| Stepping ~*~*~tactically~*~*~ (hiding).
 11703 | D:9      | Killed Erolcha
 11704 | D:9      | Reached XP level 11. HP: 61/67 MP: 11/11
 11850 | D:9      | Noticed Joseph
 11851 | D:9      | 11851 ||| Stepping ~*~*~tactically~*~*~ (hiding).
 11860 | D:9      | Killed Joseph
 11954 | D:9      | 11954 ||| DROPPING ring of flight.
 11975 | D:10     | Entered Level 10 of the Dungeon
 11992 | D:10     | Noticed Nergalle
 11997 | D:10     | Killed Nergalle
 12200 | D:10     | 12200 ||| Stepping ~*~*~tactically~*~*~ (stealth).
 12207 | D:10     | Reached skill level 11 in Axes
 12266 | D:10     | Noticed Sonja
 12267 | D:10     | 12267 ||| DRINKING 2 potions of curing.
 12267 | D:10     | 12267 ||| (to cure confusion)
 12274 | D:10     | 12274 ||| DRINKING potion of curing.
 12274 | D:10     | 12274 ||| (to cure confusion)
 12296 | D:10     | 12296 ||| Stepping ~*~*~tactically~*~*~ (hiding).
 12297 | D:10     | 12297 ||| Stepping ~*~*~tactically~*~*~ (hiding).
 12303 | D:10     | Killed Sonja
 12414 | D:10     | Found a radiant altar of Vehumet.
 12417 | D:10     | Found a glowing silver altar of Zin.
 12422 | D:10     | Found a snail-covered altar of Cheibriados.
 12852 | D:10     | Noticed Urug
 12858 | D:10     | Killed Urug
 12859 | D:10     | Reached skill level 9 in Fighting
 12922 | D:10     | 12922 ||| DROPPING +1 heavy morningstar.
 13062 | D:10     | Found an ancient bone altar of Kikubaaqudgha.
 13166 | D:10     | 13166 ||| Stepping ~*~*~tactically~*~*~ (stealth).
 13170 | D:10     | 13170 ||| Stepping ~*~*~tactically~*~*~ (stealth).
 13460 | D:11     | Noticed a red ugly thing
 13466 | D:11     | Noticed a boulder beetle
 13468 | D:11     | Killed a red ugly thing
 13469 | D:11     | Reached skill level 3 in Throwing
 13476 | D:11     | Killed a boulder beetle
 13477 | D:11     | Reached XP level 12. HP: 60/76 MP: 12/12
 13587 | D:11     | Noticed a centaur warrior
 13592 | D:11     | Killed a centaur warrior
 13605 | D:11     | Noticed a boulder beetle
 13618 | D:11     | Killed a boulder beetle
 13714 | D:11     | Reached skill level 12 in Axes
 13779 | D:11     | 13779 ||| READING scroll of enchant weapon.
 13779 | D:11     | 13779 ||| ENCHANTING +2 heavy broad axe.
 13928 | D:11     | Noticed a two-headed ogre
 13935 | D:11     | Killed a two-headed ogre
 13961 | D:11     | Noticed a rakshasa
 13966 | D:11     | Found a transporter.
 13966 | D:11     | Found a one-way gate to the infinite horrors of the Abyss.
 13966 | D:11     | Identified the +1 robe of Qiesh {MP+9}
 13966 | D:11     | Noticed qw's ghost (novice GrFi)
 13967 | D:11     | Found a transporter.
 14004 | D:11     | 14004 ||| Stepping ~*~*~tactically~*~*~ (hiding).
 14005 | D:11     | 14005 ||| Stepping ~*~*~tactically~*~*~ (hiding).
 14006 | D:11     | 14006 ||| Stepping ~*~*~tactically~*~*~ (hiding).
 14427 | D:11     | 14427 ||| PLANNING LAIR
 14427 | D:11     | 14427 ||| READING scroll labelled FUILAU BUCIS.
 14475 | D:11     | 14475 ||| READING 4 scrolls of identify.
 14475 | D:11     | 14475 ||| IDENTIFYING metallic clear potion
 14476 | D:11     | 14476 ||| DROPPING potion of ambrosia.
 14566 | Lair:1   | Entered Level 1 of the Lair of Beasts
 14571 | Lair:1   | 14571 ||| Stepping ~*~*~tactically~*~*~ (stealth).
 14580 | Lair:1   | Reached skill level 9 in Armour
 15360 | Lair:1   | 15360 ||| Stepping ~*~*~tactically~*~*~ (stealth).
 15668 | Lair:1   | 15668 ||| Stepping ~*~*~tactically~*~*~ (hiding).
 15815 | Lair:2   | Reached skill level 13 in Axes
 15916 | Lair:2   | 15916 ||| Stepping ~*~*~tactically~*~*~ (stealth).
 15917 | Lair:2   | 15917 ||| Stepping ~*~*~tactically~*~*~ (stealth).
 16087 | Lair:2   | Reached XP level 13. HP: 82/82 MP: 13/13
 16339 | Lair:2   | 16339 ||| Stepping ~*~*~tactically~*~*~ (stealth).
 16345 | Lair:2   | 16345 ||| SWAPPING to +0 eveningstar.
 16350 | Lair:2   | 16350 ||| SWAPPING to +3 heavy broad axe.
 16604 | Lair:2   | 16604 ||| Stepping ~*~*~tactically~*~*~ (hiding).
 16605 | Lair:2   | 16605 ||| Stepping ~*~*~tactically~*~*~ (hiding).
 16756 | Lair:2   | Found a staircase to the Swamp.
 17069 | Lair:2   | 17069 ||| UPGRADING to amulet of regeneration.
 17074 | Lair:2   | 17074 ||| DROPPING ring of positive energy.
 17075 | Lair:2   | 17075 ||| UPGRADING to +6 ring of strength.
 17077 | Lair:2   | 17077 ||| READING scroll labelled NUSEYTR EH ZAS.
 17077 | Lair:2   | Identified a scroll of acquirement
 17077 | Lair:2   | 17077 ||| ACQUIRING 1193 gold pieces
 17077 | Lair:2   | Acquired 1193 gold pieces
 17104 | Lair:3   | 17104 ||| STAIRDANCE
 17126 | Lair:3   | Reached skill level 14 in Axes
 17230 | Lair:3   | 17230 ||| Stepping ~*~*~tactically~*~*~ (stealth).
 17232 | Lair:3   | 17232 ||| Stepping ~*~*~tactically~*~*~ (stealth).
 17234 | Lair:3   | 17234 ||| Stepping ~*~*~tactically~*~*~ (stealth).
 17357 | Lair:3   | 17357 ||| Stepping ~*~*~tactically~*~*~ (stealth).
 17358 | Lair:3   | 17358 ||| Stepping ~*~*~tactically~*~*~ (stealth).
 17364 | Lair:3   | 17364 ||| PLANNING LAIR
 17406 | Lair:3   | Found a hole to the Spider Nest.
 17412 | Lair:3   | 17412 ||| Stepping ~*~*~tactically~*~*~ (stealth).
 17458 | Lair:3   | 17458 ||| READING scroll of brand weapon.
 17458 | Lair:3   | 17458 ||| BRANDING +3 heavy broad axe.
 17562 | Lair:3   | Noticed Rupert
 17576 | Lair:3   | HP: 19/84 [Rupert/+0 heavy battleaxe (22)]
 17577 | Lair:3   | 17577 ||| READING 6 scrolls of teleportation.
 17578 | Lair:3   | 17578 ||| DRINKING 5 potions of heal wounds.
 17580 | Lair:3   | 17580 ||| DRINKING 4 potions of heal wounds.
 17759 | Lair:3   | Reached skill level 12 in Shields
 18073 | Lair:3   | Paralysed by Rupert for 4 turns
 18081 | Lair:3   | Killed Rupert
 18199 | Lair:4   | Found a runed translucent door.
 18201 | Lair:4   | 18201 ||| Stepping ~*~*~tactically~*~*~ (stealth).
 18232 | Lair:4   | HP: 20/84 [elephant (6)]
 18233 | Lair:4   | 18233 ||| READING 5 scrolls of teleportation.
 18234 | Lair:4   | 18234 ||| DRINKING 3 potions of heal wounds.
 18297 | Lair:4   | Gained mutation: Your large and strong wings let you fly.
                  | [Gargoyle growth]
 18297 | Lair:4   | Reached XP level 14. HP: 90/90 MP: 14/14
 18312 | Lair:4   | Reached skill level 15 in Axes
 18492 | Lair:4   | 18492 ||| Stepping ~*~*~tactically~*~*~ (stealth).
 18531 | Lair:4   | 18531 ||| READING scroll of enchant armour.
 18531 | Lair:4   | 18531 ||| ENCHANTING +0 pair of boots.
 18567 | Lair:4   | 18567 ||| Stepping ~*~*~tactically~*~*~ (hiding).
 18791 | Lair:4   | 18791 ||| Stepping ~*~*~tactically~*~*~ (stealth).
 18836 | Lair:4   | Found a viscous altar of Jiyva.
 18839 | Lair:4   | Found a staircase to the Slime Pits.
 19186 | Lair:5   | Entered Level 5 of the Lair of Beasts
 19188 | Lair:5   | 19188 ||| Stepping ~*~*~tactically~*~*~ (stealth).
 19190 | Lair:5   | 19190 ||| Stepping ~*~*~tactically~*~*~ (stealth).
 19199 | Lair:5   | Reached skill level 12 in Fighting
 19214 | Lair:5   | Noticed Kirke
 19226 | Lair:5   | Killed Kirke
 19227 | Lair:5   | 19227 ||| SWAPPING to +0 eveningstar.
 19231 | Lair:5   | HP: 21/92 [seven-headed hydra (9)]
 19232 | Lair:5   | 19232 ||| READING 4 scrolls of teleportation.
 19233 | Lair:5   | 19233 ||| DRINKING 2 potions of heal wounds.
 19237 | Lair:5   | 19237 ||| SWAPPING to +3 spectral broad axe.
 19308 | Lair:5   | 19308 ||| SWAPPING to +0 eveningstar.
 19314 | Lair:5   | 19314 ||| SWAPPING to +3 spectral broad axe.
 19342 | Lair:5   | 19342 ||| Stepping ~*~*~tactically~*~*~ (stealth).
 19364 | Lair:5   | Reached skill level 16 in Axes
 19427 | Lair:5   | Found a runed translucent gate.
 19428 | Lair:5   | Found a runed translucent gate.
 19429 | Lair:5   | Found a runed translucent gate.
 19431 | Lair:5   | Noticed qw's ghost (journeyman GrFi)
 19488 | Lair:5   | 19488 ||| READING scroll of enchant weapon.
 19488 | Lair:5   | 19488 ||| ENCHANTING +3 spectral broad axe.
 19554 | Lair:5   | 19554 ||| READING 2 scrolls of enchant weapon.
 19554 | Lair:5   | 19554 ||| ENCHANTING +4 spectral broad axe.
 19555 | Lair:5   | 19555 ||| READING scroll of enchant weapon.
 19555 | Lair:5   | 19555 ||| ENCHANTING +5 spectral broad axe.
 19634 | Lair:5   | 19634 ||| Stepping ~*~*~tactically~*~*~ (hiding).
 19654 | Lair:5   | 19654 ||| Stepping ~*~*~tactically~*~*~ (stealth).
 19662 | Lair:5   | 19662 ||| Stepping ~*~*~tactically~*~*~ (hiding).
 19665 | Lair:5   | 19665 ||| Stepping ~*~*~tactically~*~*~ (hiding).
 19733 | Lair:5   | 19733 ||| Stepping ~*~*~tactically~*~*~ (hiding).
 19740 | Lair:5   | 19740 ||| Stepping ~*~*~tactically~*~*~ (stealth).
 19762 | Lair:5   | 19762 ||| Stepping ~*~*~tactically~*~*~ (stealth).
 19771 | Lair:5   | 19771 ||| Stepping ~*~*~tactically~*~*~ (hiding).
 19816 | Lair:5   | 19816 ||| Stepping ~*~*~tactically~*~*~ (hiding).
 19998 | Lair:5   | Found a runed translucent door.
 20048 | Lair:5   | Reached XP level 15. HP: 96/96 MP: 15/15
 20088 | Lair:5   | 20088 ||| Stepping ~*~*~tactically~*~*~ (hiding).
 20150 | Lair:5   | 20150 ||| Stepping ~*~*~tactically~*~*~ (stealth).
 20412 | Lair:5   | 20412 ||| PLANNING D
 20412 | Lair:5   | 20412 ||| DROPPING ring of willpower.
 20413 | Lair:5   | 20413 ||| DRINKING 2 glowing cyan potions.
 20414 | Lair:5   | 20414 ||| DROPPING potion of invisibility.
 20610 | D:12     | Noticed Josephine
 20620 | D:12     | Killed Josephine
 20650 | D:12     | 20650 ||| Stepping ~*~*~tactically~*~*~ (stealth).
 20679 | D:12     | Found a runed translucent gate.
 20680 | D:12     | Found a runed translucent gate.
 20681 | D:12     | Found a runed translucent gate.
 20683 | D:12     | Noticed qw's ghost (journeyman GrFi)
 20764 | D:12     | 20764 ||| Stepping ~*~*~tactically~*~*~ (stealth).
 20784 | D:12     | Reached skill level 17 in Axes
 20809 | D:12     | 20809 ||| Stepping ~*~*~tactically~*~*~ (hiding).
 21090 | D:13     | 21090 ||| PLANNING GAUNTLET
 21095 | D:13     | 21095 ||| READING 4 scrolls of teleportation.
 21096 | D:13     | 21096 ||| STAIRDANCE
 21265 | D:13     | 21265 ||| Stepping ~*~*~tactically~*~*~ (stealth).
 21492 | D:13     | 21492 ||| Stepping ~*~*~tactically~*~*~ (stealth).
 21494 | D:13     | 21494 ||| Stepping ~*~*~tactically~*~*~ (hiding).
 21680 | D:13     | 21680 ||| RIP GAUNTLET
 21691 | D:13     | 21691 ||| PLANNING D
 21737 | D:13     | Paralysed by an ogre mage for 5 turns
 21770 | D:13     | Found a gate to the Vaults.
 21775 | D:13     | Reached skill level 12 in Armour
 22078 | D:13     | Found an ornate altar of the Wu Jian Council.
 22092 | D:13     | 22092 ||| UPGRADING to +1 cloak.
 22102 | D:13     | 22102 ||| DROPPING +0 cloak.
 22103 | D:13     | 22103 ||| READING scroll labelled NUOF OBLAAL.
 22129 | D:14     | 22129 ||| Stepping ~*~*~tactically~*~*~ (hiding).
 22130 | D:14     | 22130 ||| Stepping ~*~*~tactically~*~*~ (hiding).
 22138 | D:14     | 22138 ||| Stepping ~*~*~tactically~*~*~ (hiding).
 22204 | D:14     | 22204 ||| SWAPPING to +0 eveningstar.
 22209 | D:14     | 22209 ||| SWAPPING to +6 spectral broad axe.
 22317 | D:14     | Identified the amulet "Wemuef" {RegenMP rElec}
 22456 | D:14     | Found an iron altar of Okawaru.
 22457 | D:14     | 22457 ||| PLANNING OKAWARU WORSHIP
 22457 | D:14     | 22457 ||| DROPPING amulet "Wemuef" {RegenMP rElec}.
 22458 | D:14     | 22458 ||| READING 8 scrolls of identify.
 22458 | D:14     | 22458 ||| IDENTIFYING orange potion
 22459 | D:14     | 22459 ||| DROPPING potion of flight.
 22467 | D:14     | Became a worshipper of Warmaster Okawaru
 22468 | D:14     | 22468 ||| PLANNING D
 22728 | D:15     | Entered Level 15 of the Dungeon
 22736 | D:15     | 22736 ||| Stepping ~*~*~tactically~*~*~ (stealth).
 22739 | D:15     | 22739 ||| Stepping ~*~*~tactically~*~*~ (hiding).
 22774 | D:15     | 22774 ||| Stepping ~*~*~tactically~*~*~ (stealth).
 22778 | D:15     | 22778 ||| Stepping ~*~*~tactically~*~*~ (stealth).
 22844 | D:15     | 22844 ||| Stepping ~*~*~tactically~*~*~ (hiding).
 22859 | D:15     | HP: 8/98 [ice dragon/blast of cold (19)]
 22860 | D:15     | 22860 ||| READING 5 scrolls of teleportation.
 22860 | D:15     | HP: 2/98 [ice dragon (6)]
 22861 | D:15     | 22861 ||| DRINKING potion of heal wounds.
 22862 | D:15     | Reached * piety under Okawaru
 22941 | D:15     | 22941 ||| INVOKING Heroism.
 22943 | D:15     | 22943 ||| Stepping ~*~*~tactically~*~*~ (stealth).
 22959 | D:15     | 22959 ||| Stepping ~*~*~tactically~*~*~ (hiding).
 23007 | D:15     | Noticed Nessos
 23008 | D:15     | 23008 ||| Stepping ~*~*~tactically~*~*~ (hiding).
 23009 | D:15     | 23009 ||| Stepping ~*~*~tactically~*~*~ (hiding).
 23012 | D:15     | 23012 ||| Stepping ~*~*~tactically~*~*~ (hiding).
 23018 | D:15     | Killed Nessos
 23124 | D:15     | 23124 ||| INVOKING Heroism.
 23167 | D:15     | 23167 ||| INVOKING Heroism.
 23180 | D:15     | Reached skill level 1 in Invocations
 23211 | D:15     | Found a staircase to the Depths.
 23243 | D:15     | Found Nugan's Distillery.
 23253 | D:15     | 23253 ||| BUYING potion of curing (45 gold).
 23253 | D:15     | Bought a potion of curing for 45 gold pieces
 23253 | D:15     | 23253 ||| BUYING potion of curing (45 gold).
 23253 | D:15     | Bought a potion of curing for 45 gold pieces
 23253 | D:15     | 23253 ||| BUYING potion of heal wounds (75 gold).
 23253 | D:15     | Bought a potion of heal wounds for 75 gold pieces
 23253 | D:15     | 23253 ||| BUYING potion of magic (120 gold).
 23253 | D:15     | Bought a potion of magic for 120 gold pieces
 23253 | D:15     | 23253 ||| BUYING potion of mutation (120 gold).
 23253 | D:15     | Bought a potion of mutation for 120 gold pieces
 23253 | D:15     | 23253 ||| BUYING potion of mutation (120 gold).
 23253 | D:15     | Bought a potion of mutation for 120 gold pieces
 23256 | D:15     | Identified the +4 robe of Integrity {Int+3}
 23276 | D:15     | Found Jemoututy's Assorted Antiques.
 23281 | D:15     | 23281 ||| BUYING potion of curing (102 gold).
 23281 | D:15     | Bought a potion of curing for 102 gold pieces
 23281 | D:15     | 23281 ||| BUYING potion of curing (102 gold).
 23281 | D:15     | Bought a potion of curing for 102 gold pieces
 23281 | D:15     | 23281 ||| BUYING potion of might (136 gold).
 23281 | D:15     | Bought a potion of might for 136 gold pieces
 23281 | D:15     | 23281 ||| BUYING potion of might (136 gold).
 23281 | D:15     | Bought a potion of might for 136 gold pieces
 23499 | D:15     | 23499 ||| READING scroll of enchant armour.
 23499 | D:15     | 23499 ||| ENCHANTING +1 pair of boots.
 23511 | D:15     | Found a hazy altar of Hepliaklqana.
 23531 | D:15     | Found Riany's Magic Scroll Boutique.
 23532 | D:15     | Found Jiddah Aphe's Assorted Antiques.
 23537 | D:15     | 23537 ||| BUYING potion of haste (330 gold).
 23537 | D:15     | Bought a potion of haste for 330 gold pieces
 23537 | D:15     | 23537 ||| BUYING potion of might (132 gold).
 23537 | D:15     | Bought a potion of might for 132 gold pieces
 23537 | D:15     | 23537 ||| SHOPLISTING scroll of acquirement (1716 gold,
                  | have 980).
 23537 | D:15     | 23537 ||| BUYING scroll of identify (66 gold).
 23537 | D:15     | Bought a scroll of identify for 66 gold pieces
 23543 | D:15     | 23543 ||| BUYING 3 scrolls of identify (90 gold).
 23543 | D:15     | Bought 3 scrolls of identify for 90 gold pieces
 23543 | D:15     | 23543 ||| BUYING scroll of brand weapon (142 gold).
 23543 | D:15     | Bought a scroll of brand weapon for 142 gold pieces
 23543 | D:15     | 23543 ||| BUYING scroll of teleportation (45 gold).
 23543 | D:15     | Bought a scroll of teleportation for 45 gold pieces
 23581 | D:15     | Noticed Azrael
 23582 | D:15     | 23582 ||| INVOKING Heroism.
 23593 | D:15     | HP: 16/98 [Azrael/+1 scimitar of flaming (11)]
 23594 | D:15     | 23594 ||| READING 5 scrolls of teleportation.
 23595 | D:15     | 23595 ||| DRINKING potion of heal wounds.
 23600 | D:15     | Killed Azrael
 23735 | D:15     | 23735 ||| PLANNING ORC
 23895 | Orc:1    | Entered Level 1 of the Orcish Mines
 23903 | Orc:1    | 23903 ||| Stepping ~*~*~tactically~*~*~ (stealth).
 23906 | Orc:1    | 23906 ||| Stepping ~*~*~tactically~*~*~ (hiding).
 23912 | Orc:1    | 23912 ||| INVOKING Heroism.
 23916 | Orc:1    | 23916 ||| Stepping ~*~*~tactically~*~*~ (hiding).
 23978 | Orc:1    | 23978 ||| Stepping ~*~*~tactically~*~*~ (hiding).
 23980 | Orc:1    | 23980 ||| Stepping ~*~*~tactically~*~*~ (hiding).
 23981 | Orc:1    | 23981 ||| Stepping ~*~*~tactically~*~*~ (hiding).
 24092 | Orc:1    | 24092 ||| Stepping ~*~*~tactically~*~*~ (stealth).
 24095 | Orc:1    | 24095 ||| Stepping ~*~*~tactically~*~*~ (hiding).
 24115 | Orc:1    | Reached XP level 16. HP: 104/104 MP: 17/17
 24118 | Orc:1    | 24118 ||| INVOKING Heroism.
 24130 | Orc:1    | Reached skill level 18 in Axes
 24130 | Orc:1    | Reached skill level 3 in Invocations
 24169 | Orc:1    | 24169 ||| Stepping ~*~*~tactically~*~*~ (stealth).
 24170 | Orc:1    | 24170 ||| Stepping ~*~*~tactically~*~*~ (stealth).
 24174 | Orc:1    | 24174 ||| Stepping ~*~*~tactically~*~*~ (stealth).
 24232 | Orc:1    | 24232 ||| Stepping ~*~*~tactically~*~*~ (stealth).
 24234 | Orc:1    | 24234 ||| Stepping ~*~*~tactically~*~*~ (hiding).
 24241 | Orc:1    | 24241 ||| INVOKING Heroism.
 24276 | Orc:1    | You are sucked into a shaft and drop 1 floor!
 24276 | Orc:2    | Entered Level 2 of the Orcish Mines
 24304 | Orc:2    | 24304 ||| INVOKING Heroism.
 24398 | Orc:2    | Found a transporter.
 24414 | Orc:2    | Noticed Potutehi's ghost (journeyman DDFi)
 24491 | Orc:2    | 24491 ||| Stepping ~*~*~tactically~*~*~ (stealth).
 24493 | Orc:2    | 24493 ||| INVOKING Heroism.
 24496 | Orc:2    | 24496 ||| Stepping ~*~*~tactically~*~*~ (hiding).
 24508 | Orc:2    | Reached ** piety under Okawaru
 24510 | Orc:2    | 24510 ||| INVOKING Heroism.
 24510 | Orc:2    | Paralysed by an ogre mage for 3 turns
 24521 | Orc:2    | 24521 ||| Stepping ~*~*~tactically~*~*~ (stealth).
 24526 | Orc:2    | 24526 ||| Stepping ~*~*~tactically~*~*~ (stealth).
 24531 | Orc:2    | 24531 ||| Stepping ~*~*~tactically~*~*~ (stealth).
 24532 | Orc:2    | 24532 ||| Stepping ~*~*~tactically~*~*~ (stealth).
 24533 | Orc:2    | 24533 ||| Stepping ~*~*~tactically~*~*~ (stealth).
 24534 | Orc:2    | 24534 ||| Stepping ~*~*~tactically~*~*~ (stealth).
 24535 | Orc:2    | 24535 ||| Stepping ~*~*~tactically~*~*~ (stealth).
 24553 | Orc:2    | Found Pac Opn's Weapon Shop.
 24553 | Orc:2    | Found Ibatunty's Distillery.
 24553 | Orc:2    | Found Muam's Distillery.
 24553 | Orc:2    | Found Buhikud's Book Boutique.
 24555 | Orc:2    | 24555 ||| Stepping ~*~*~tactically~*~*~ (stealth).
 24563 | Orc:2    | 24563 ||| INVOKING Heroism.
 24573 | Orc:2    | 24573 ||| Stepping ~*~*~tactically~*~*~ (hiding).
 24574 | Orc:2    | 24574 ||| Stepping ~*~*~tactically~*~*~ (hiding).
 24575 | Orc:2    | 24575 ||| Stepping ~*~*~tactically~*~*~ (hiding).
 24596 | Orc:2    | 24596 ||| BUYING 2 potions of heal wounds (100 gold).
 24596 | Orc:2    | Bought 2 potions of heal wounds for 100 gold pieces
 24596 | Orc:2    | 24596 ||| BUYING potion of curing (30 gold).
 24596 | Orc:2    | Bought a potion of curing for 30 gold pieces
 24596 | Orc:2    | 24596 ||| BUYING potion of heal wounds (50 gold).
 24596 | Orc:2    | Bought a potion of heal wounds for 50 gold pieces
 24596 | Orc:2    | 24596 ||| BUYING potion of might (40 gold).
 24596 | Orc:2    | Bought a potion of might for 40 gold pieces
 24598 | Orc:2    | 24598 ||| BUYING 2 potions of curing (72 gold).
 24598 | Orc:2    | Bought 2 potions of curing for 72 gold pieces
 24598 | Orc:2    | 24598 ||| BUYING 2 potions of heal wounds (120 gold).
 24598 | Orc:2    | Bought 2 potions of heal wounds for 120 gold pieces
 24598 | Orc:2    | 24598 ||| BUYING potion of attraction (36 gold).
 24598 | Orc:2    | Bought a potion of attraction for 36 gold pieces
 24598 | Orc:2    | 24598 ||| BUYING potion of curing (36 gold).
 24598 | Orc:2    | Bought a potion of curing for 36 gold pieces
 24598 | Orc:2    | 24598 ||| BUYING potion of curing (36 gold).
 24598 | Orc:2    | Bought a potion of curing for 36 gold pieces
 24598 | Orc:2    | 24598 ||| BUYING potion of curing (36 gold).
 24598 | Orc:2    | Bought a potion of curing for 36 gold pieces
 24598 | Orc:2    | 24598 ||| BUYING potion of heal wounds (60 gold).
 24598 | Orc:2    | Bought a potion of heal wounds for 60 gold pieces
 24625 | Orc:2    | 24625 ||| Stepping ~*~*~tactically~*~*~ (stealth).
 24649 | Orc:2    | Noticed Saint Roka
 24650 | Orc:2    | 24650 ||| INVOKING Heroism.
 24665 | Orc:2    | Killed Saint Roka
 24665 | Orc:2    | Reached *** piety under Okawaru
 24810 | Orc:2    | 24810 ||| UPGRADING to +3 plate armour of fire resistance.
 24820 | Orc:2    | 24820 ||| DROPPING +0 plate armour.
 24836 | Orc:1    | 24836 ||| Stepping ~*~*~tactically~*~*~ (hiding).
 24854 | Orc:1    | 24854 ||| Stepping ~*~*~tactically~*~*~ (hiding).
 24870 | Orc:1    | 24870 ||| Stepping ~*~*~tactically~*~*~ (hiding).
 24981 | Orc:1    | 24981 ||| Stepping ~*~*~tactically~*~*~ (hiding).
 24986 | Orc:1    | 24986 ||| Stepping ~*~*~tactically~*~*~ (hiding).
 24989 | Orc:1    | 24989 ||| Stepping ~*~*~tactically~*~*~ (stealth).
 25270 | Orc:2    | Found a transporter.
 25271 | Orc:2    | Found a bloodstained altar of Trog.
 25383 | Orc:2    | Found a staircase to the Elven Halls.
 25707 | Orc:2    | 25707 ||| PLANNING SWAMP:1-3
 25707 | Orc:2    | 25707 ||| PLANNING SWAMP:1-3
 25707 | Orc:2    | 25707 ||| PLANNING SWAMP:1-3
 25707 | Orc:2    | 25707 ||| PLANNING SWAMP:1-3
 25707 | Orc:2    | 25707 ||| PLANNING LAIR
 25712 | Orc:2    | 25712 ||| INVOKING Heroism.
 25904 | Lair:5   | 25904 ||| PLANNING SWAMP:1-3
 26012 | Swamp:1  | Entered Level 1 of the Swamp
 26021 | Swamp:1  | 26021 ||| INVOKING Heroism.
 26025 | Swamp:1  | 26025 ||| Stepping ~*~*~tactically~*~*~ (stealth).
 26028 | Swamp:1  | 26028 ||| Stepping ~*~*~tactically~*~*~ (stealth).
 26056 | Swamp:1  | 26056 ||| Stepping ~*~*~tactically~*~*~ (hiding).
 26105 | Swamp:1  | 26105 ||| INVOKING Heroism.
 26108 | Swamp:1  | 26108 ||| SWAPPING to +0 eveningstar.
 26112 | Swamp:1  | 26112 ||| SWAPPING to +6 spectral broad axe.
 26143 | Swamp:1  | 26143 ||| Stepping ~*~*~tactically~*~*~ (hiding).
 26146 | Swamp:1  | 26146 ||| INVOKING Heroism.
 26162 | Swamp:1  | HP: 17/106 [goliath frog[a spriggan druid] (26)]
 26162 | Swamp:1  | HP: 8/106 [acid[a spriggan druid] (9)]
 26163 | Swamp:1  | 26163 ||| READING 4 scrolls of teleportation.
 26164 | Swamp:1  | 26164 ||| DRINKING 6 potions of heal wounds.
 26164 | Swamp:1  | Mangled by a goliath frog

Levels and vault maps discovered:
D:1:      evilmike_arrival_rings, layout_basic
D:2:      layout_basic, uniq_crazy_yiuf_cottage
D:3:      minmay_chambers_of_threes, layout_loops_corners, led_sif_book,
          grunt_ministairs_2, nicolae_titane, uniq_sigmund
D:4:      cheibrodos_greedy_goblins, layout_cave_pools
D:5:      layout_loops_ring, gammafunk_ghost_mausoleum, serial_shops,
          nicolae_shop_pleasant_corner_grove, nicolae_shop_window_shopping,
          shop, doesnt_shop_hydraphobe
D:6:      layout_basic, nicolae_overflow_hidden_temple,
          mainiacjoe_overflow_24_doors, serial_corexii_hall,
          corexii_hall_statues_i, corexii_hall_statues_l,
          nicolae_shop_overcharged_wands, uniq_maggie
D:7:      layout_loops_corners, amethyst_overflow_temple_binary,
          mainiacjoe_overflow_alcove_2, temple_doors_e, grunt_ogre_cave
D:8:      layout_loops_ring, enter_bailey_3,
          hellmonk_guarded_unrand_gyre_and_gimble
D:9:      layout_loops_cross, lair_entry_dummy, david_orc_3, uniq_joseph,
          uniq_erolcha
D:10:     layout_basic, marbit_many_paths, grunt_temple_overflow_diamond,
          uniq_urug, uniq_nergalle, uniq_sonja
D:11:     layout_irregular_city, gammafunk_ghost_abyssal_escape
D:12:     layout_cave_pools, gammafunk_ghost_necromancy, uniq_josephine
D:13:     layout_basic, grunt_vaults_entry_fortified, gauntlet_entry_generic,
          nicolae_wu_jian_glorious_leap
D:14:     layout_basic, okawaru_gym_becter
D:15:     grunt_enter_depths_hoard, layout_gridville, serial_shops, shop, shop,
          shop, shop, nzn_hepliaklqana_mist_gate, uniq_nessos, uniq_azrael
Lair:1:   layout_gridlike, grunt_megastairs_5
Lair:2:   layout_regular_city, nicolae_swamp_entry_splash_gauntlet,
          portal_ice_cave_rime, lemuel_fruit_fields
Lair:3:   layout_regular_city, nicolae_spider_entry_lesser_pyramids,
          beast_lair_carwin_5, uniq_rupert
Lair:4:   layout_roguey, slime_entry_2, serial_bayou_shore_b
Lair:5:   guppyfry_lair_end_dragon, layout_gridlike, wormcave,
          ebering_ghost_rock_garden, grunt_megastairs_2, uniq_kirke
Swamp:1:  cheibrodos_swamp_tower_of_moss, layout_basic_swamp,
          evilmike_swamp_ruin_wall, swamp_pool1
Orc:1:    layout_diamond_mine
Orc:2:    st_orc_ogre_mass, layout_caves, gammafunk_ghost_wrathful_warriors,
          uniq_saint_roka

Skill      XL: |  1  2  3  4  5  6  7  8  9 10 11 12 13 14 15 16 |
---------------+-------------------------------------------------+-----
Axes           | 2 3 4 5 7 9 10 11 13 14 16 17 18 | 18.0
Shields        | 4 5 7 9 10 11 12 13 | 13.9
Dodging        | 3 |  3.1
Fighting       | 4 5 6 7 9 10 11 12 13 14 | 14.0
Armour         | 5 8 9 10 11 12 | 12.8
Throwing       | 1 3 4 |  4.2
Invocations    | 2 4 |  4.0

Action                     |  1- 3 |  4- 6 |  7- 9 | 10-12 | 13-15 | 16-18 || total
---------------------------+-------+-------+-------+-------+-------+-------++-------
  Melee: War axe           |    98 |       |       |       |       |       ||    98
         Broad axe         |    15 |   131 |   251 |   381 |   672 |   141 ||  1591
         Eveningstar       |       |       |       |       |    20 |     3 ||    23
  Throw: Boomerang         |       |       |    27 |     4 |    81 |    90 ||   202
         Javelin           |       |       |       |    63 |    41 |       ||   104
 Invoke: Heroism           |       |       |       |       |     5 |    11 ||    16
    Use: Scroll            |     5 |     9 |     9 |     4 |    15 |     1 ||    43
         Potion            |       |     4 |     4 |     2 |     7 |     1 ||    18
   Stab: Distracted        |       |       |       |       |     9 |       ||     9
 Armour: Scale mail        |    64 |    81 |    20 |       |       |       ||   165
         Chain mail        |       |       |   102 |       |       |       ||   102
         Plate armour      |       |       |    71 |   294 |   354 |    48 ||   767
  Dodge: Dodged            |    55 |    85 |   116 |   153 |   145 |    29 ||   583
  Block: Buckler           |    19 |       |       |       |       |       ||    19
         Kite shield       |    28 |    92 |   200 |   277 |   269 |    52 ||   918

Table legend:
 A = Non-vault XP
 B = Vault XP
 C = Vault XP percentage of total XP
 D = Non-vault monster count
 E = Vault monster count
 F = Vault count percentage of total count
                 A         B        C        D         E       F
            +---------+---------+-------+---------+---------+-------
      Total |   97215 |   61350 |  38.7 |     535 |     179 |  25.1
            +---------+---------+-------+---------+---------+-------
        D:1 |      33 |       0 |   0.0 |      19 |       0 |   0.0
        D:2 |      99 |       0 |   0.0 |      30 |       0 |   0.0
        D:3 |      50 |     338 |  87.1 |      15 |      15 |  50.0
        D:4 |     184 |      12 |   6.1 |      15 |       6 |  28.6
        D:5 |     494 |       0 |   0.0 |      16 |       0 |   0.0
        D:6 |     950 |     379 |  28.5 |      32 |       1 |   3.0
        D:7 |     746 |     116 |  13.5 |      23 |       1 |   4.2
        D:8 |    2283 |    1872 |  45.1 |      27 |       7 |  20.6
        D:9 |    1055 |    1633 |  60.8 |      12 |       7 |  36.8
       D:10 |    4581 |    2390 |  34.3 |      34 |       4 |  10.5
       D:11 |    5122 |       0 |   0.0 |      10 |       0 |   0.0
       D:12 |    6461 |    1969 |  23.4 |      22 |       6 |  21.4
       D:13 |    4162 |    6826 |  62.1 |      13 |      10 |  43.5
       D:14 |    5421 |       0 |   0.0 |       8 |       0 |   0.0
       D:15 |    6637 |    5007 |  43.0 |      23 |      11 |  32.4
     Lair:1 |    6081 |    1195 |  16.4 |      32 |       6 |  15.8
     Lair:2 |    8257 |    2314 |  21.9 |      31 |       6 |  16.2
     Lair:3 |    4977 |    5302 |  51.6 |      20 |      11 |  35.5
     Lair:4 |   12998 |       0 |   0.0 |      37 |       0 |   0.0
     Lair:5 |   14336 |   12892 |  47.3 |      32 |      42 |  56.8
    Swamp:1 |    5469 |       0 |   0.0 |      12 |       0 |   0.0
      Orc:1 |    4892 |       0 |   0.0 |      51 |       0 |   0.0
      Orc:2 |    1927 |   19105 |  90.8 |      21 |      46 |  68.7
            +---------+---------+-------+---------+---------+-------
